 Dungeon Crawl Stone Soup version 0.25.1-2-g60ff931 (webtiles) character file.

Game seed: 6761716563917835489

242 curiousnu the Skirmisher (level 5, 0/42 HPs)
             Began as a Demonspawn Fighter on Sept 12, 2020.
             Slain by an orc (1 damage)
             ... on level 5 of the Dungeon.
             The game lasted 00:10:54 (3314 turns).

curiousnu the Skirmisher (Demonspawn Fighter)       Turns: 3314, Time: 00:10:55

Health: 0/42       AC: 10    Str: 17    XL:     5   Next: 81%
Magic:  5/5        EV:  7    Int:  9    God:
Gold:   123        SH:  9    Dex: 13    Spells: 4/4 levels left

rFire    . . .     SeeInvis .   a - +0 war axe
rCold    . . .     Gourm    .   c - +0 kite shield
rNeg     . . .     Faith    .   b - +0 scale mail
rPois    .         Spirit   .   (no helmet)
rElec    .         Reflect  .   (no cloak)
rCorr    .         Harm     .   j - +0 pair of gloves
MR       .....                  (no boots)
Stlth    ..........             (no amulet)
HPRegen  0.14/turn              (no ring)
MPRegen  0.09/turn              (no ring)

@: mighty, lethally poisoned (0 -> -5), stab
A: thin metallic scales 1, powered by pain 1
a: no special abilities


You were on level 5 of the Dungeon.
You were not hungry.

You visited 1 branch of the dungeon, and saw 5 of its levels.

You collected 123 gold pieces.

Inventory:

Hand Weapons
 a - a +0 war axe (weapon)
Missiles
 i - 3 javelins (quivered)
 r - 5 boomerangs
Armour
 b - a +0 scale mail (worn)
 c - a +0 kite shield (worn)
 j - a +0 pair of gloves (worn)
Jewellery
 e - an uncursed ring of protection from cold {unknown}
Scrolls
 g - 5 scrolls of identify {unknown}
 h - a scroll of fear {unknown}
 k - a scroll of remove curse {unknown}
 q - a scroll of enchant armour {unknown}
 s - a scroll of enchant weapon {unknown}
 u - a scroll of random uselessness {unknown}
Potions
 l - a potion of berserk rage {unknown}
 m - a potion of degeneration {unknown}
 n - a potion of lignification {unknown}
 o - a potion of heal wounds {unknown}
 p - a potion of stabbing
 t - a potion of curing {unknown}
Comestibles
 f - 10 rations
 v - a chunk of flesh


   Skills:
 * Level 4.0 Fighting
 + Level 3.4 Axes
 + Level 0.1 Throwing
 + Level 3.7 Armour
 + Level 3.6 Shields


You had 4 spell levels left.
You didn't know any spells.
Your spell library contained the following spells:

 Spells                   Type           Power        Failure   Level  Hunger
 Magic Dart               Conj           #...         99%         1    ##.....
 Blink                    Tloc           N/A          100%        2    ###....
 Call Imp                 Summ           #.......     100%        2    ###....
 Slow                     Hex            #.......     100%        2    ###....
 Conjure Flame            Conj/Fire      #.......     100%        3    ####...
 Mephitic Cloud           Conj/Pois/Air  #.......     100%        3    ####...


Dungeon Overview and Level Annotations

Branches:
Dungeon (5/15)
 Temple: D:4-7

Altars:
Okawaru


Innate Abilities, Weirdness & Mutations

You are partially covered in thin metallic scales. (AC +2)
You sometimes gain a little power by taking damage.


Message History

You hear the hiss of flowing sand.
There is an entrance to an ossuary on this level.
Hurry and find it before the portal is buried!
* * * LOW HITPOINT WARNING * * *
You feel sick.
There is a stone staircase leading up here.
You feel very mighty all of a sudden. The orc hits you but does no damage.
You block the orc's attack.
The orc priest hits you with a +0 hand axe.
* * * LOW HITPOINT WARNING * * *
You feel mightier all of a sudden.
* * * LOW HITPOINT WARNING * * *
You feel sick. The orc hits you with a +0 falchion.
* * * LOW HITPOINT WARNING * * *
The orc hits you but does no damage.
The orc priest begins to cast a cantrip, but forgets the words!
It was a potion of stabbing.
You feel ready to backstab.
* * * LOW HITPOINT WARNING * * *
You feel sick. You block the orc's attack. The orc hits you.
You die...

## .#
.# .##
# .. #.
.#
#..##o#
#.oo@o#
##.####
#


You could see 2 orc priests and 2 orcs.

Vanquished Creatures
  A bullfrog (D:4)
  An orc priest (D:3)
  Jessica (D:2)
  3 adders
  A river rat (D:3)
  2 worms (D:3)
  2 dart slugs (D:1)
  2 leopard geckos
  6 orcs
  5 giant cockroaches
  6 goblins
  5 hobgoblins (D:1)
  5 jackals
  12 bats
  5 frilled lizards
  6 kobolds
  7 rats
70 creatures vanquished.

Notes
Turn   | Place    | Note
-------+----------+-------------------------------------------
     0 | D:1      | curiousnu the Demonspawn Fighter began the quest for the
                  | Orb.
     0 | D:1      | Reached XP level 1. HP: 18/18 MP: 1/1
   227 | D:1      | Gained mutation: You sometimes gain a little power by
                  | taking damage. [demonic ancestry]
   227 | D:1      | Reached XP level 2. HP: 24/24 MP: 2/2
   704 | D:1      | Reached XP level 3. HP: 9/29 MP: 3/3
  1889 | D:2      | Gained mutation: You are partially covered in thin metallic
                  | scales. (AC +2) [demonic ancestry]
  1889 | D:2      | Reached XP level 4. HP: 35/35 MP: 4/4
  1924 | D:2      | Noticed Jessica
  1928 | D:2      | Killed Jessica
  2131 | D:3      | Found an iron altar of Okawaru.
  2550 | D:3      | Reached XP level 5. HP: 18/42 MP: 5/5
  3292 | D:4      | Reached skill level 4 in Fighting
  3311 | D:5      | Entered Level 5 of the Dungeon
  3313 | D:5      | HP: 1/42 [orc/+0 falchion (2)]
  3314 | D:5      | Slain by an orc

Illustrated notes

Levels and vault maps discovered:
D:1:      ncdulo_watergridlock, layout_loops_ring, due_unseen_surprise
D:2:      layout_rooms, uniq_jessica
D:3:      layout_loops_ring, okawaru_trees_1, first_ration,
          gup_sewer_entry_spiral, patterned_corridor
D:4:      layout_cave_pools, uniq_edmund
D:5:      layout_loops_corners, overflow_temple_1_default, serial_shops, shop,
          enter_ossuary_5, chequers_garden

Skill      XL: |  1  2  3  4  5 |
---------------+----------------+-----
Armour         | 3 |  3.7
Axes           | 2 3 |  3.4
Shields        | 3 |  3.6
Fighting       | 4 |  4.0
Throwing       | |  0.1

Action                   |  1- 3 |  4- 6 || total
-------------------------+-------+-------++-------
Melee: War axe           |   158 |   113 ||   271
Throw: Javelin           |    13 |       ||    13
  Use: Potion            |       |     3 ||     3
  Eat: Chunk             |     3 |     5 ||     8
Armor: Scale mail        |   122 |    54 ||   176
Dodge: Dodged            |    71 |    30 ||   101
Block: Kite shield       |   106 |    75 ||   181
